 Dungeon Crawl Stone Soup version 0.23.2-30-g0e89c35649 (webtiles) character file.

Game seed: 16850446791186359020

8430 Kinoniko the Basher (level 11, -2/95 HPs)
             Began as a Minotaur Fighter on June 10, 2019.
             Was an Elder of Okawaru.
             Slain by Erolcha
             ... wielding a +0 giant spiked club
              (19 damage)
             ... on level 9 of the Dungeon.
             The game lasted 00:36:26 (9201 turns).

Kinoniko the Basher (Minotaur Fighter)              Turns: 9201, Time: 00:36:27

Health: -2/95      AC: 18    Str: 22 (25) XL:     11   Next: 9%
Magic:  11/11      EV:  4    Int:  3 (5)  God:    Okawaru [****..]
Gold:   578        SH: 18    Dex:  7 (9)  Spells: 10/10 levels left

rFire    . . .     SeeInvis .   a - +4 flail
rCold    . . .     Gourm    .   k - +0 large shield
rNeg     + . .     Faith    .   j - +0 plate armour
rPois    .         Spirit   .   (helmet restricted)
rElec    .         Reflect  .   q - +0 cloak
rCorr    .         Harm     .   (no gloves)
MR       .....                  g - +2 pair of boots
Stlth    ..........             u - amulet of rage
HPRegen  0.25/turn              d - ring of positive energy
MPRegen  0.12/turn              h - ring of stealth

@: no status effects
A: retaliatory headbutt, horns 2
a: Heroism, Renounce Religion, Evoke Berserk Rage


You were on level 9 of the Dungeon.
You worshipped Okawaru.
Okawaru was greatly pleased with you.
You were not hungry.

You visited 2 branches of the dungeon, and saw 10 of its levels.

You collected 578 gold pieces.

Inventory:

Hand Weapons
 a - a +4 flail (weapon)
 A - a +2 whip of freezing
Armour
 b - a +0 scale mail
 c - a +0 shield
 g - a +2 pair of boots (worn)
 j - a +0 plate armour (worn)
 k - a +0 large shield (worn)
 q - a +0 cloak (worn)
 v - a +2 chain mail of fire resistance
Jewellery
 d - a ring of positive energy (left hand)
 h - a ring of stealth (right hand)
 l - a cursed amulet of inaccuracy
 u - an amulet of rage (around neck)
 y - an uncursed ring of fire
Wands
 n - a wand of enslavement (10)
 o - a wand of iceblast (13)
 t - a wand of disintegration (11)
 B - a wand of clouds (2)
 F - a wand of flame (43)
Scrolls
 e - a scroll of blinking
 m - 3 scrolls of magic mapping
 w - 5 scrolls of identify
 x - a scroll of remove curse
 C - a scroll of enchant armour
 D - 3 scrolls of teleportation
 G - a scroll of amnesia
Potions
 i - a potion of lignification {unknown}
 r - a potion of magic
 z - a potion of curing {unknown}
Comestibles
 f - 22 rations
 p - 13 chunks of flesh


   Skills:
 * Level 8.5 Fighting
 * Level 12.4 Maces & Flails
 * Level 8.5 Armour
 - Level 1.1 Dodging
 - Level 1.2 Stealth
 * Level 12.0 Shields
 * Level 2.2 Invocations


You had 10 spell levels left.
You didn't know any spells.
Your spell library was empty.

Dungeon Overview and Level Annotations

Branches:
Dungeon (9/15)             Temple (1/1) D:6            Lair (0/6) D:9
    Orc: D:9-12

Altars:
Ashenzari
Cheibriados
Dithmenos
Elyvilon
Fedhas
Gozag
Hepliaklqana
Kikubaaqudgha
Makhleb
Nemelex Xobeh
Okawaru
Qazlal
Ru
Sif Muna
Trog
Uskayaw
Vehumet
Wu Jian
Xom
Yredelemnul
Zin
The Shining One

Shops:
D:6 *

Annotations:
D:9 Erolcha


Innate Abilities, Weirdness & Mutations

You reflexively headbutt those who attack you in melee.
You have a pair of horns on your head.


Message History

Unknown command.
No target in view!
Unknown command.
No target in view!
No target in view!
Something hits you!!
You are confused.
You feel invigorated.
You hear some strange, mumbled words.
A bolt of lightning appears from out of thin air!
The bolt of lightning hits you! Something hits you!
* * * LOW HITPOINT WARNING * * *
You hit something. Your headbutt misses something. Something hits you!
* * * LOW HITPOINT WARNING * * *
You feel less invigorated.
You feel less confused. Something hits you!!
You die...

.. .. .. ######....
..#. #.. ..............
.#.##...... ..........
...#.##..# #####..##
#..#.##..####........
..
#..#.##..##.'........
#.#..#.##..##.#........
#..........##.#........
#....{@....##)########+
#...##.##..##)#
......##.##..##)#
...............)#######
###..###.##'###........
.. ..............###
##. . .............#
###.........).#
#...........#


There were no monsters in sight!

Vanquished Creatures
  2 two-headed ogres
  Pikel (D:6)
  A hippogriff (D:8)
  Sigmund (D:2)
  6 yaks (D:9)
  4 hogs (D:7)
  A human (D:7)
  3 water moccasins
  Duvessa (D:6)
  4 ice beasts
  5 orc warriors
  A necrophage (D:9)
  A black bear (D:8)
  6 ogres
  3 slaves (D:6)
  6 centaurs
  A big kobold (D:9)
  5 bullfrogs
  A gnoll sergeant (D:9)
  Dowan (D:6)
  3 scorpions
  3 killer bees (D:8)
  A howler monkey (D:9)
  3 wights (D:6)
  6 crimson imps
  2 hounds
  A bullfrog zombie (D:4)
  8 orc priests
  11 orc wizards
  Ijyb (D:4)
  A bullfrog skeleton (D:4)
  A centaur skeleton (D:4)
  Jessica (D:2)
  3 iguanas (D:5)
  3 worker ants
  2 hound skeletons
  4 gnolls (D:9)
  11 adders
  A shadow imp (D:5)
  An adder zombie (D:6)
  An adder skeleton (D:6)
  A worm (D:4)
  3 leopard geckos
  44 orcs
  A bat (D:1)
  12 giant cockroaches
  9 goblins
  8 hobgoblins
  10 jackals
  6 quokkas
  2 ball pythons
  4 frilled lizards
  22 kobolds
  2 leopard gecko skeletons
  3 quokka skeletons
  10 rats
259 creatures vanquished.

Notes
Turn   | Place    | Note
-------+----------+-------------------------------------------
     0 | D:1      | Kinoniko the Minotaur Fighter began the quest for the Orb.
     0 | D:1      | Reached XP level 1. HP: 19/19 MP: 0/0
   427 | D:1      | Reached XP level 2. HP: 26/27 MP: 1/1
   498 | D:1      | Reached skill level 1 in Dodging
  1137 | D:2      | Reached XP level 3. HP: 32/33 MP: 2/2
  1366 | D:2      | Noticed Jessica
  1373 | D:2      | Killed Jessica
  1373 | D:2      | Reached XP level 4. HP: 39/40 MP: 3/3
  1467 | D:2      | Found a sacrificial altar of Ru.
  1646 | D:2      | Noticed Sigmund
  1694 | D:2      | Killed Sigmund
  1694 | D:2      | Reached skill level 5 in Shields
  1694 | D:2      | Reached XP level 5. HP: 34/47 MP: 4/4
  1694 | D:2      | Reached XP level 6. HP: 38/53 MP: 5/5
  2295 | D:3      | You fall through a shaft!
  2509 | D:3      | Reached skill level 5 in Armour
  2792 | D:3      | Found a glowing golden altar of the Shining One.
  3266 | D:4      | Reached skill level 5 in Maces & Flails
  3306 | D:4      | Reached XP level 7. HP: 55/60 MP: 6/6
  3443 | D:4      | Noticed Ijyb
  3461 | D:4      | Killed Ijyb
  3481 | D:4      | Reached skill level 5 in Fighting
  3588 | D:4      | Found a shattered altar of Ashenzari.
  3833 | D:4      | Found a stormy altar of Qazlal.
  3835 | D:4      | Found a shadowy altar of Dithmenos.
  3835 | D:4      | Found a glowing silver altar of Zin.
  3854 | D:4      | Found a shimmering altar of Xom.
  3854 | D:4      | Found a hide-covered altar of Uskayaw.
  3854 | D:4      | Found a bloodstained altar of Trog.
  4590 | D:5      | Entered Level 5 of the Dungeon
  4628 | D:5      | Reached XP level 8. HP: 67/68 MP: 7/7
  4837 | D:5      | Found a shadowy altar of Dithmenos.
  5143 | D:6      | Found a staircase to the Ecumenical Temple.
  5375 | D:6      | Noticed Pikel
  5386 | D:6      | Killed Pikel
  5386 | D:6      | Reached XP level 9. HP: 70/75 MP: 8/8
  5910 | D:6      | Found Fisehiem's Assorted Antiques.
  6201 | D:6      | Noticed Duvessa
  6201 | D:6      | Noticed Dowan
  6211 | D:6      | Killed Duvessa
  6218 | D:6      | Killed Dowan
  6261 | D:6      | Reached skill level 10 in Maces & Flails
  6427 | Temple   | Entered the Ecumenical Temple
  6518 | Temple   | Became a worshipper of Warmaster Okawaru
  6735 | D:7      | Reached skill level 10 in Shields
  6744 | D:7      | Reached * piety under Okawaru
  6839 | D:7      | You fall through a shaft!
  6889 | D:8      | Reached XP level 10. HP: 73/86 MP: 9/9
  7097 | D:7      | Found a shattered altar of Ashenzari.
  7112 | D:7      | Reached ** piety under Okawaru
  7234 | D:7      | Reached skill level 1 in Stealth
  7736 | D:8      | Noticed a two-headed ogre
  7743 | D:8      | Killed a two-headed ogre
  7750 | D:8      | Reached *** piety under Okawaru
  7991 | D:8      | Found a stormy altar of Qazlal.
  8517 | D:9      | Reached skill level 1 in Invocations
  8733 | D:9      | Reached **** piety under Okawaru
  8749 | D:9      | Noticed a two-headed ogre
  8763 | D:9      | Killed a two-headed ogre
  8763 | D:9      | Reached XP level 11. HP: 62/95 MP: 11/11
  8947 | D:9      | Found a staircase to the Lair.
  9182 | D:9      | Noticed Erolcha
  9201 | D:9      | Slain by Erolcha

Skill      XL: |  1  2  3  4  5  6  7  8  9 10 11 |
---------------+----------------------------------+-----
Dodging        | 1 |  1.1
Shields        | 4 5 6 7 9 10 11 12 | 12.0
Fighting       | 4 5 6 7 8 |  8.5
Maces & Flails | 3 4 5 6 9 10 12 | 12.4
Armour         | 4 5 6 7 8 |  8.5
Stealth        | 1 |  1.2
Invocations    | 2 |  2.2

Action                   |  1- 3 |  4- 6 |  7- 9 | 10-12 || total
-------------------------+-------+-------+-------+-------++-------
Melee: Flail             |   125 |   153 |   356 |   247 ||   881
       Headbutt          |    16 |    23 |    60 |    43 ||   142
  Use: Scroll            |     1 |    13 |     1 |       ||    15
       Potion            |       |     5 |     1 |     5 ||    11
 Stab: Invisible         |       |       |     3 |     3 ||     6
  Eat: Chunk             |     2 |     6 |     7 |     6 ||    21
       Ration            |       |       |     2 |       ||     2
Armor: Scale mail        |    54 |    55 |     6 |       ||   115
       Plate armour      |       |       |   126 |    67 ||   193
Dodge: Dodged            |    19 |    12 |    25 |    31 ||    87
Block: Large shield      |    90 |   128 |   266 |   215 ||   699
       Shield            |     6 |       |       |       ||     6
